 Dungeon Crawl Stone Soup version 0.30-a0-591-g3c58d2bc28 (webtiles) character file.

Game seed: 5771195151880826032

104 snetch the Trooper (level 4, 0/40 HPs)
             Began as a Hill Orc Fighter on Jan 5, 2023.
             Succumbed to a gnoll's poison
             ... on level 3 of the Dungeon.
             The game lasted 00:05:11 (1774 turns).

snetch the Trooper (Hill Orc Fighter)               Turns: 1774, Time: 00:05:11

Health: 0/40       AC:  7    Str: 20    XL:     4   Next: 80%
Magic:  2/4        EV:  9    Int:  8    God:
Gold:   107        SH:  4    Dex: 10    Spells: 3/3 levels left

rFire   . . .      SeeInvis .    c - +2 trident (heavy)
rCold   . . .      Faith    .    l - +0 buckler
rNeg    . . .      Spirit   .    j - +0 scale mail
rPois   .          Reflect  .    (no helmet)
rElec   .          Harm     .    (no cloak)
rCorr   .          Rampage  .    (no gloves)
Will    .....                    (no boots) Stlth
                                 (no amulet)
HPRegen 0.26/turn                (no ring)
MPRegen 0.09/turn                (no ring)

@: mighty, brilliant, lethally poisoned (0 -> -2), flying
A: no striking features
a: no special abilities


You were on level 3 of the Dungeon.
You visited 1 branch of the dungeon, and saw 4 of its levels.

You collected 107 gold pieces.

Inventory:

Hand Weapons
 a - a +0 war axe
 b - a +1 mace of protection
 c - a +2 heavy trident (weapon)
 d - a +0 halberd of venom
 e - a +0 antimagic spear
Missiles
 i - 34 stones (quivered)
 m - 2 poisoned darts
 q - 6 datura-tipped darts
Armour
 j - a +0 scale mail (worn)
 l - a +0 buckler (worn)
Jewellery
 k - a ring of ice
Scrolls
 f - 2 scrolls of identify {unknown}
 g - a scroll of noise {unknown}
 h - a scroll of teleportation {unknown}
 o - a scroll of vulnerability {unknown}
 p - 2 scrolls of immolation {unknown}


   Skills:
 + Level 4.1 Fighting
 + Level 3.7(4.0) Axes
 + Level 1.4(2.5) Polearms
 + Level 3.9 Armour
 + Level 1.0 Dodging
 + Level 0.1 Stealth
 + Level 3.7 Shields


You had 3 spell levels left.
You didn't know any spells.
Your spell library was empty.

Dungeon Overview and Level Annotations

Branches:
Dungeon (4/15)
 Temple: D:4-7

Altars:
Uskayaw


Message History

The gnoll is almost dead.
You feel extremely sick. The gnoll closely misses you.
The gnoll hits you but does no damage.
You are lethally poisoned!
You are too injured to fight recklessly!
You are too injured to fight recklessly!
Reach: c) +2 trident (heavy)
Press: ? - help, Dir - move target, f/p - gnoll
Aim: a gnoll, wielding a +0 halberd of venom (almost dead, about 36% to evade your +2 heavy trident)
You reach to attack!
You hit the gnoll.
You kill the gnoll!
* * * LOW HITPOINT WARNING * * *
You feel extremely sick.
Your Dodging skill increases to level 1!
It was a potion of flight.
You feel very buoyant.
You fly up into the air.
* * * LOW HITPOINT WARNING * * *
You feel very sick.
It was a potion of brilliance.
You feel clever all of a sudden.
* * * LOW HITPOINT WARNING * * *
You feel sick.
You feel very mighty all of a sudden.
* * * LOW HITPOINT WARNING * * *
You feel sick.
* * * LOW HITPOINT WARNING * * *
You feel sick.
You see here a +0 club.
* * * LOW HITPOINT WARNING * * *
You feel sick.
Things that are here:
a +0 halberd of venom; a +0 spear; a +0 antimagic spear
d - a +0 halberd of venom;
e - a +0 antimagic spear
* * * LOW HITPOINT WARNING * * *
You feel sick.
A bat comes into view.
The bat moves out of view.
Unknown command.
You die...

#######.........#.#
.........#####. #.#
#..........# #.#
........>#.# #.#
#..#####.#... #.#
#........########.#
#...####.#......#.#
#..........####.#.#####
..#####@######.#.....#
........))...#.#####.#
#.#####.####.#.# #.#
#........#...# #.#
#.#......##### #.#
...#...... #.#
...##.##.### #.# #....
... .. #.# #... #.# ##
#.#


There were no monsters in sight!

Vanquished Creatures
  4 gnolls (D:3)
  An adder (D:2)
  A worm (D:2)
  4 bats (D:1)
  8 endoplasms
  A giant cockroach (D:1)
  6 goblins
  4 hobgoblins
  6 jackals (D:2)
  2 quokkas (D:1)
  3 ball pythons
  5 frilled lizards
  A kobold (D:2)
  3 rats
49 creatures vanquished.

Notes
Turn   | Place    | Note
-------+----------+-------------------------------------------
     0 | D:1      | snetch the Hill Orc Fighter began the quest for the Orb.
     0 | D:1      | Reached XP level 1. HP: 19/19 MP: 1/1
   121 | D:1      | Reached XP level 2. HP: 23/27 MP: 2/2
   570 | D:1      | Reached XP level 3. HP: 33/33 MP: 3/3
   868 | D:2      | Found a hide-covered altar of Uskayaw.
  1021 | D:2      | Reached skill level 4 in Fighting
  1230 | D:2      | Reached XP level 4. HP: 40/40 MP: 4/4
  1761 | D:3      | Reached skill level 1 in Polearms
  1768 | D:3      | Reached skill level 1 in Dodging
  1772 | D:3      | HP: 1/40 [poisoned by a gnoll]
  1774 | D:3      | Succumbed to a gnoll's poison

Illustrated notes

Levels and vault maps discovered:
D:1:      minmay_arrival_up_and_down, layout_basic
D:2:      layout_basic, basic_altar, chequers_serial_rivers_room_a
D:3:      layout_basic, nicolae_elevator_lobby_plus
D:4:      layout_cave_pools, kennysheep_little_box,
          nicolae_wu_jian_wuxing_cycle, grunt_temple_overflow_open,
          serial_shops, shop, kennysheep_generic_room_4

Skill      XL: |  1  2  3  4 |
---------------+-------------+-----
Axes           | 3 |  3.7
Fighting       | 4 |  4.1
Polearms       | 1 |  1.4
Dodging        | 1 |  1.0
Armour         | |  3.9
Stealth        | |  0.1
Shields        | |  3.7

Action                   |  1- 3 |  4- 6 || total
-------------------------+-------+-------++-------
Melee: War axe           |    71 |       ||    71
       Trident           |    39 |    15 ||    54
  Use: Potion            |       |     3 ||     3
Armor: Scale mail        |    50 |     3 ||    53
Dodge: Dodged            |    50 |     7 ||    57
Block: Buckler           |    28 |     1 ||    29

Table legend: (Time is in decaauts)
 A = Elapsed time spent in this place.
 B = Non-inter-level travel time spent in this place.
 C = Inter-level travel time spent in this place.
 D = Time resting spent in this place.
 E = Time spent auto-exploring this place.
 F = Levels seen in this place.
 G = Mean time per level.
                   A        B        C        D        E       F      G
               +--------+--------+--------+--------+--------+-----+--------+
         Total |   1850 |   1717 |    133 |      0 |   1247 |   4 |  462.5 |
       Dungeon |   1850 |   1717 |    133 |      0 |   1247 |   4 |  462.5 |
               +--------+--------+--------+--------+--------+-----+--------+

Top non-repeatable levels by time:
     D:1: 942 daAuts
     D:2: 628 daAuts
     D:3: 277 daAuts
     D:4: 1 daAuts
